 Dungeon Crawl Stone Soup version 0.31.0-32-g396128a36d (webtiles) character file.

Game seed: 9277983253022256622

98 PriceMaster the Conjurer (level 4, -1/27 HPs)
             Began as an Octopode Conjurer on Apr 25, 2024.
             Slain by a hobgoblin (6 damage)
             ... led by Robin
             ... on level 2 of the Dungeon.
             The game lasted 00:01:41 (1822 turns).

PriceMaster the Conjurer (Octopode Conjurer)        Turns: 1822, Time: 00:01:42

Health: -1/27      AC:  1    Str:  6    XL:     4   Next: 69%
Magic:  8/8        EV: 13    Int: 22    God:
Gold:   60         SH:  0    Dex: 10    Spells: 8/9 levels left

rFire   . .          .
                       - Unarmed
rCold   . . .        (no shield)
rNeg    . . .        (helmet restricted)
rPois   .            (no amulet)
rElec   .            (no ring)
rCorr   .            (no ring)
SInv    .            (no ring)
Will    .....        (no ring)
Stlth   +++          (no ring)
HPRegen 0.24/turn    (no ring)
MPRegen 0.11/turn    (no ring)
                     (no ring)

%: no passive effects
@: no status effects
A: almost no armour, amphibious, 8 rings, camouflage 1, gelatinous body 1,
(nimble swimmer 1), tentacles
a: no special abilities


You were on level 2 of the Dungeon.
You visited 1 branch of the dungeon, and saw 2 of its levels.

You collected 60 gold pieces.

Inventory:

Jewellery
 g - a ring of poison resistance
Scrolls
 c - a scroll of identify {unknown}
 e - a scroll of poison {unknown}
 f - a scroll of vulnerability {unknown}
 j - a scroll of immolation {unknown}
Potions
 a - a potion of magic
 d - a potion of enlightenment {unknown}
 i - a potion of berserk rage {unknown}


   Skills:
 + Level 0.1 Fighting
 + Level 2.0 Dodging
 + Level 3.2 Stealth
 + Level 1.1 Unarmed Combat
 + Level 3.0 Spellcasting
 + Level 4.9 Conjurations


You had 8 spell levels left.
You knew the following spells:

 Your Spells              Type           Power      Damage    Failure   Level
a - Magic Dart            Conj           96%        1d7       1%          1

Your spell library contained the following spells:

 Spells                   Type           Power      Damage    Failure   Level
 Searing Ray              Conj           48%        2d6       2%          2
 Fulminant Prism          Conj/Alch      7%         3d7       41%         4
 Iskenderun's Mystic Bla  Conj/Tloc      14%        2d5       41%         4


Dungeon Overview and Level Annotations

Branches:
Dungeon (2/15)

Altars:
Uskayaw

Annotations:
D:2 Robin


Innate Abilities, Weirdness & Mutations

You cannot wear most types of armour.
You are amphibious.
You can wear up to eight rings at the same time.
Your skin changes colour to match your surroundings (Stealth+).
Your rubbery body absorbs attacks. (AC +1, EV +1)
((You are camouflaged when in or above water. (Stealth+)))
You have tentacles for arms and can constrict up to eight enemies at once.


Message History

The hobgoblin barely misses you.
You closely miss the hobgoblin. Your grab misses the hobgoblin.
The hobgoblin is moderately wounded.
The hobgoblin hits you.
You tentacle-slap the hobgoblin.
You kill the hobgoblin!
You tentacle-slap the goblin. Your grab misses the goblin.
Your squeeze misses the goblin.
The goblin is heavily wounded.
Robin laughs in a distinctly smug fashion.
The goblin closely misses you.
You tentacle-slap the goblin. Your grab misses the goblin.
The goblin is severely wounded.
Robin roars a battlecry!
The goblins go into a battle-frenzy!
The goblin closely misses you.
You hear a shout!
You tentacle-slap the goblin.
You kill the goblin!
Robin throws the goblin at you!
You tentacle-slap the goblin but do no damage.
You grab the goblin.
You constrict the goblin, but do no damage.
The goblin barely misses you. The hobgoblin hits you!
A goblin comes into view. It is wielding a +0 dagger.
You tentacle-slap the goblin.
The goblin is heavily wounded.
You constrict the goblin. The goblin hits you with a +0 dagger.
The hobgoblin hits you.
* * * LOW HITPOINT WARNING * * *
You tentacle-slap the goblin.
You kill the goblin!
The hobgoblin barely misses you. Robin throws the goblin at you!
* * * LOW HITPOINT WARNING * * *
You feel better. The goblin hits you with a +0 dagger. The hobgoblin hits you.
* * * LOW HITPOINT WARNING * * *
You tentacle-slap the goblin.
You kill the goblin!
The hobgoblin hits you.
You die...

... ...#...# .#..
#.#†#.## .##.##...#..#
.......#.#.##
#.###.##...###########g#
.........#.##.%.g....gg#
###.###.##..#.##gg.gg.gg
...........##.##g#
#.###.###.###.##@# ..#
### #...#.##)## .#####
#.###.....# .....# #.#
####..# ###..# #.# #..#
#..# #.### #..# #..#
##...## #..#
###..###.....###..#
..............##..#


You could see Robin, 2 hobgoblins and a goblin (strong).

Vanquished Creatures
  4 gnolls (D:2)
  An adder (D:2)
  2 dart slugs (D:1)
  4 endoplasms
  2 giant cockroaches
  5 hobgoblins
  2 quokkas (D:1)
  5 ball pythons (D:1)
  4 bats
  A frilled lizard (D:1)
  6 goblins
  6 kobolds
  5 rats
47 creatures vanquished.

Notes
Turn   | Place    | Note
-------+----------+-------------------------------------------
     0 | D:1      | PriceMaster the Octopode Conjurer began the quest for the
                  | Orb.
     0 | D:1      | Reached XP level 1. HP: 11/11 MP: 3/3
   234 | D:1      | Reached XP level 2. HP: 17/17 MP: 0/5
   915 | D:1      | Reached XP level 3. HP: 21/21 MP: 3/6
  1488 | D:2      | Found a hide-covered altar of Uskayaw.
  1532 | D:2      | Reached XP level 4. HP: 10/27 MP: 1/7
  1669 | D:2      | Reached skill level 1 in Unarmed Combat
  1808 | D:2      | Noticed Robin
  1822 | D:2      | Slain by a hobgoblin

Illustrated notes

Levels and vault maps discovered:
D:1:      nicolae_arrival_memento_mori, layout_basic, serial_corexii_hall,
          corexii_hall_statues_i, corexii_hall_statues_t, hangedman_decor_push
D:2:      layout_loops_ring, basic_altar,
          nicolae_concentric_dashed_squares_wild, uniq_robin

Skill      XL: |  1  2  3  4 |
---------------+-------------+-----
Stealth        | 3 |  3.2
Spellcasting   | 3 |  3.0
Unarmed Combat | 1 |  1.1
Fighting       | |  0.1
Dodging        | |  2.0
Conjurations   | |  4.9

Action                     |  1- 3 |  4- 6 || total
---------------------------+-------+-------++-------
  Melee: Unarmed           |    14 |    18 ||    32
         Tentacles         |     4 |       ||     4
         Constrict         |     2 |     2 ||     4
   Cast: Magic Dart        |    60 |    10 ||    70
    Use: Potion            |     1 |     2 ||     3
 Armour: Skin              |     7 |    13 ||    20
  Dodge: Dodged            |     7 |    15 ||    22
